 Dungeon Crawl Stone Soup version 0.29.1-1-gd02db6906a (webtiles) character file.

Game seed: 7295798810898010183

1867 Descartes the Blocker (level 9, 0/68 HPs)
             Began as a Formicid Fighter on Sept 26, 2022.
             Was an Initiate of Gozag.
             Succumbed to a water moccasin's poison
             ... on level 6 of the Dungeon.
             The game lasted 00:09:41 (7217 turns).

Descartes the Blocker (Formicid Fighter)            Turns: 7217, Time: 00:09:42

Health: 0/68       AC: 11    Str: 23    XL:     9   Next: 35%
Magic:  9/9        EV: 10    Int: 10    God:    Gozag
Gold:   308        SH:  6    Dex: 13    Spells: 8/8 levels left

rFire   . . .      SeeInvis +   a - +0 war axe
rCold   . . .      Faith    .   c - +0 buckler
rNeg    . . .      Spirit   .   v - +4 ring mail
rPois   .          Reflect  .   (helmet unavailable)
rElec   .          Harm     .   d - +0 cloak
rCorr   .          Rampage  .   (no gloves)
Will    .....                   (no boots)
Stlth   +.........              (no amulet)
HPRegen 0.21/turn               (no ring)
MPRegen 0.11/turn               (no ring)

@: lethally poisoned (0 -> -19), gold aura
A: permanent stasis, dig shafts and tunnels, antennae 3, four strong arms
a: Dig, Shaft Self, Renounce Religion, Potion Petition, Call Merchant, Bribe
Branch


You were on level 6 of the Dungeon.
You worshipped Gozag.
Gozag was aware of your devotion.
You visited 2 branches of the dungeon, and saw 7 of its levels.

You collected 464 gold pieces.
You paid 156 gold pieces to Gozag.

Inventory:

Hand Weapons
 a - a +0 war axe (weapon)
 b - the +1 sling "Veytwiom" {speed, rF+ Stlth+}
   (You took it off an orc on level 3 of the Dungeon)

   Attacks with this weapon are significantly faster.
   rF:        It protects you from fire.
   Stlth:     It makes you more stealthy.
Missiles
 m - 13 poisoned darts
 p - a boomerang of dispersal
Armour
 c - a +0 buckler (worn)
 d - a +0 cloak (worn)
 v - a +4 ring mail (worn)
 w - a +2 scale mail of poison resistance
 x - a +1 leather armour of fire resistance
Jewellery
 z - an amulet of the acrobat
Wands
 l - a wand of flame (27)
 s - a wand of digging (5)
Scrolls
 e - 4 scrolls of identify {unknown}
 g - 2 scrolls of magic mapping {unknown}
 j - a scroll of enchant weapon {unknown}
 k - a scroll of teleportation {unknown}
 o - a scroll of acquirement {unknown}
 u - 2 scrolls of poison {unknown}
 y - a scroll of blinking {unknown}
Potions
 f - 3 potions of resistance
 h - 2 potions of heal wounds {unknown}
 i - 4 potions of lignification
 n - 4 potions of curing
 q - a potion of haste
 r - 3 potions of magic {unknown}
 t - a potion of flight {unknown}
 A - a potion of attraction {unknown}
 B - a potion of mutation {unknown}
 C - a potion of berserk rage {unknown}
 D - a potion of might


   Skills:
 + Level 5.4 Fighting
 + Level 4.2(5.4) Axes
 + Level 3.5(4.5) Maces & Flails
 + Level 3.5(4.5) Polearms
 * Level 6.7 Armour
 * Level 8.2 Shields
 + Level 3.1 Translocations


You had 8 spell levels left.
You didn't know any spells.
Your spell library contained the following spells:

 Spells                   Type           Power      Damage    Failure   Level
 Shock                    Conj/Air       0%         1d3       56%         1
 Static Discharge         Conj/Air       0%         3-3/arc   71%         2
 Portal Projectile        Hex/Tloc       6%         N/A       71%         3
 Tukima's Dance           Hex            0%         N/A       90%         3
 Airstrike                Air            0%         2d(0-16)  100%        4
 Blade Hands              Tmut           0%         N/A       100%        5
 Lightning Bolt           Conj/Air       0%         1d11      100%        5
 Maxwell's Capacitive Co  Air            0%         ∞         100%        8
 Swiftness                Air            Unusable   N/A       N/A         3

Dungeon Overview and Level Annotations

Branches:
Dungeon (6/15)             Temple (1/1) D:5

Altars:
Ashenzari
Cheibriados
Elyvilon
Fedhas
Gozag
Hepliaklqana
Kikubaaqudgha
Makhleb
Nemelex Xobeh
Okawaru
Qazlal
Ru
Sif Muna
Trog
Uskayaw
Vehumet
Wu Jian
Xom
Yredelemnul
The Shining One


Innate Abilities, Weirdness & Mutations

You cannot be hasted, slowed, berserked, paralysed or teleported.
You can dig through walls and to a lower floor.
You have a pair of large antennae on your head. (SInv)
Your four strong arms can wield two-handed weapons with a shield.


Message History

You slash the water moccasin!
The water moccasin is almost dead.
The water moccasin bites you.
You are poisoned.
The water moccasin poisons you!
The water moccasin bites you but does no damage.
You barely miss the water moccasin.
The water moccasin is almost dead.
You feel very sick. The water moccasin bites you.
You are more poisoned.
The water moccasin poisons you!
You hit the water moccasin but do no damage.
The water moccasin is almost dead.
You feel extremely sick. The water moccasin bites you.
You are more poisoned.
The water moccasin poisons you! The water moccasin bites you.
You are lethally poisoned!
The water moccasin poisons you!
You barely miss the water moccasin.
The water moccasin is almost dead.
You feel extremely sick. The water moccasin bites you.
The water moccasin barely misses you.
You closely miss the water moccasin.
The water moccasin is almost dead.
* * * LOW HITPOINT WARNING * * *
You feel extremely sick. You block the water moccasin's attack.
You hit the water moccasin but do no damage.
The water moccasin is almost dead.
* * * LOW HITPOINT WARNING * * *
You feel very sick.
The water moccasin bites you but does no damage.
The water moccasin bites you!
* * * LOW HITPOINT WARNING * * *
You slash the water moccasin!
You kill the water moccasin!
You die...
Your body crumbles into a pile of gold.

#.# ### #.# ..#
#.# ..# #.##
#.#############...
#.#.......)).###+#
#.#.#######.##....
{ #$#.# #.)#.... {
#@#.## ##)'##+#
####.##....##
#.#..#.
............#
#.#..#+
####.###)..##
#.#..#. # #..##
#.'..'. #.##
#.#..#. #.#
#.#..#' #.#
#.#..#. #.#
#.+##'#


There were no monsters in sight!

Vanquished Creatures
  The ghost of catfood the Covert, a novice KoBr (D:3)
  Sigmund (D:1)
  3 fire bats (D:4)
  A wyvern (D:5)
  A water moccasin (D:6)
  An ice beast (D:5)
  A black bear (D:5)
  An ogre (D:4)
  2 phantoms (D:5)
  A necrophage (D:5)
  2 hounds
  A jelly (D:6)
  2 orc priests
  Ijyb (D:3)
  2 iguanas (D:5)
  An orc wizard (D:6)
  6 adders
  3 gnolls (D:3)
  An ufetubus (D:5)
  A worm (D:2)
  4 dart slugs
  18 orcs
  8 ball pythons
  2 bats (D:2)
  8 endoplasms
  13 giant cockroaches
  4 goblins (D:2)
  6 hobgoblins
  6 jackals
  4 quokkas
  2 frilled lizards (D:2)
  11 kobolds
  7 rats
126 creatures vanquished.

Notes
Turn   | Place    | Note
-------+----------+-------------------------------------------
     0 | D:1      | Descartes the Formicid Fighter began the quest for the Orb.
     0 | D:1      | Reached XP level 1. HP: 18/18 MP: 1/1
   309 | D:1      | Reached XP level 2. HP: 24/24 MP: 2/2
   689 | D:1      | Reached XP level 3. HP: 27/29 MP: 3/3
  1299 | D:2      | Noticed Sigmund
  1311 | D:1      | HP: 1/29 [Sigmund/magic dart (7)]
  1312 | D:1      | Killed Sigmund
  1313 | D:1      | Reached skill level 1 in Maces & Flails
  1313 | D:1      | Reached skill level 1 in Polearms
  1313 | D:1      | Reached skill level 5 in Shields
  1313 | D:1      | Reached skill level 1 in Translocations
  1313 | D:1      | Reached XP level 4. HP: 2/37 MP: 4/4
  1313 | D:1      | Reached XP level 5. HP: 2/42 MP: 5/5
  1631 | D:2      | Reached XP level 6. HP: 48/48 MP: 6/6
  2302 | D:3      | Found a faded altar of an unknown god.
  2980 | D:3      | Noticed Ijyb
  2997 | D:3      | Killed Ijyb
  3498 | D:4      | Found a runed translucent gate.
  3498 | D:4      | Found a runed translucent gate.
  3498 | D:4      | Found a runed translucent gate.
  3502 | D:4      | Noticed catfood's ghost (novice KoBr)
  3507 | D:4      | Identified the +1 sling "Veytwiom" {speed, rF+ Stlth+}
  3554 | D:4      | HP: 2/48 [constriction (1)]
  3930 | D:4      | Noticed an ogre
  3936 | D:4      | Killed an ogre
  3937 | D:4      | Reached skill level 6 in Shields
  3937 | D:4      | Reached XP level 7. HP: 10/54 MP: 7/7
  4295 | D:4      | Found a transporter.
  4300 | D:4      | Noticed a fire bat
  4449 | D:4      | Found a transporter.
  4610 | D:4      | Found a broken altar of Ashenzari.
  4611 | D:4      | Found a shimmering blue altar of Sif Muna.
  4775 | D:4      | Noticed a fire bat
  4775 | D:4      | Noticed a fire bat
  4820 | D:4      | Killed a fire bat
  4821 | D:4      | Reached skill level 5 in Armour
  4824 | D:4      | Killed a fire bat
  4825 | D:4      | Reached XP level 8. HP: 61/61 MP: 8/8
  4826 | D:4      | Killed a fire bat
  5225 | D:3      | Killed catfood's ghost
  5226 | D:3      | Reached skill level 7 in Shields
  5805 | D:5      | Entered Level 5 of the Dungeon
  5813 | D:5      | Reached skill level 5 in Fighting
  5957 | D:5      | Found a staircase to the Ecumenical Temple.
  5965 | Temple   | Entered the Ecumenical Temple
  6518 | D:5      | Noticed a wyvern
  6523 | D:5      | Killed a wyvern
  6524 | D:5      | Reached XP level 9. HP: 53/68 MP: 9/9
  6772 | D:5      | Reached skill level 8 in Shields
  7041 | D:6      | Found an opulent altar of Gozag.
  7063 | D:6      | Became a worshipper of Gozag Ym Sagoz the Greedy
  7217 | D:6      | Succumbed to a water moccasin's poison

Illustrated notes

Levels and vault maps discovered:
D:1:      minmay_arrival_open_corners, layout_basic
D:2:      layout_basic, uniq_sigmund
D:3:      minmay_roachtagon, layout_basic, dreamdust_ecumenical_altar_statues,
          uniq_ijyb
D:4:      gammafunk_cloud_chamber, layout_cave_pools,
          gammafunk_temple_overflow_statue, biasface_ghost_orc_armoury
D:5:      layout_cave_pools, minmay_temple_entry_offerings, grunt_tough_drop
D:6:      nicolae_cairo_tiling_large, layout_loops_ring,
          mainiacjoe_overflow_24_doors, gammafunk_ghost_split, minivault_14,
          uniq_pikel, uniq_duvessa
Temple:   nicolae_temple_bog_church

Skill      XL: |  1  2  3  4  5  6  7  8  9 |
---------------+----------------------------+-----
Maces & Flails | 1 2 3 |  3.5
Polearms       | 1 2 3 |  3.5
Armour         | 4 5 6 |  6.7
Shields        | 5 6 7 8 |  8.2
Translocations | 1 2 3 |  3.1
Fighting       | 4 5 |  5.4
Axes           | 3 4 |  4.2

Action                   |  1- 3 |  4- 6 |  7- 9 || total
-------------------------+-------+-------+-------++-------
Melee: War axe           |    59 |   185 |   154 ||   398
Evoke: Wand              |       |       |     1 ||     1
  Use: Potion            |     1 |     2 |       ||     3
Armor: Scale mail        |    13 |    88 |    35 ||   136
       Skin              |       |     5 |       ||     5
       Ring mail         |       |       |    57 ||    57
Dodge: Dodged            |    21 |   102 |    76 ||   199
Block: Buckler           |    10 |    61 |    59 ||   130
